 Dungeon Crawl Stone Soup version 0.27-a0-1066-g29160eaed2 (webtiles) character file.

Game seed: 751133886322205718

551 LordDeathwing the Chopper (level 7, -3/61 HPs)
             Began as a Hill Orc Fighter on Apr 24, 2021.
             Slain by an ogre
             ... wielding a +0 giant club
              (16 damage)
             ... on level 5 of the Dungeon.
             The game lasted 00:10:44 (3856 turns).

LordDeathwing the Chopper (Hill Orc Fighter)        Turns: 3856, Time: 00:10:45

Health: -3/61      AC: 16    Str: 21    XL:     7   Next: 29%
Magic:  7/7        EV:  4    Int:  8    God:
Gold:   237        SH:  9    Dex: 10    Spells: 6/6 levels left

rFire    . . .     SeeInvis .   a - +0 war axe
rCold    . . .     Faith    .   c - +0 kite shield
rNeg     . . .     Spirit   .   g - +0 plate armour
rPois    .         Reflect  .   (no helmet)
rElec    .         Harm     .   (no cloak)
rCorr    .         Rampage  .   o - +1 pair of gloves
Will     .....                  m - +0 pair of boots
Stlth    ..........             (no amulet)
HPRegen  0.20/turn              (no ring)
MPRegen  0.10/turn              (no ring)

@: no status effects
A: no striking features
a: no special abilities


You were on level 5 of the Dungeon.
You visited 1 branch of the dungeon, and saw 5 of its levels.

You collected 237 gold pieces.

Inventory:

Hand Weapons
 a - a +0 war axe (weapon)
Missiles
 h - 22 poisoned darts (quivered)
Armour
 c - a +0 kite shield (worn)
 g - a +0 plate armour (worn)
 m - a +0 pair of boots (worn)
 o - a +1 pair of gloves (worn)
Wands
 p - a wand of flame (31)
Scrolls
 b - a scroll of teleportation {unknown}
 e - 2 scrolls of fear {unknown}
 i - 2 scrolls of immolation {unknown}
 k - a scroll of brand weapon {unknown}
 n - a scroll of identify {unknown}
 q - 2 scrolls of noise {unknown}
Potions
 d - a potion of might
 f - a potion of flight {unknown}
 j - a potion of lignification {unknown}
 l - a potion of cancellation
 r - a potion of berserk rage {unknown}
 s - a potion of heal wounds {unknown}


   Skills:
 + Level 5.1 Fighting
 * Level 6.2 Axes
 * Level 5.7 Armour
 - Level 0.2 Stealth
 + Level 4.6 Shields


You had 6 spell levels left.
You didn't know any spells.
Your spell library contained the following spells:

 Spells                   Type           Power      Damage    Failure   Level
 Confusing Touch          Hex            0%         N/A       100%        3
 Gell's Gravitas          Tloc           0%         N/A       100%        3
 Petrify                  Tmut/Erth      0%         N/A       100%        4
 Metabolic Englaciation   Hex/Ice        0%         N/A       100%        5
 Yara's Violent Unravell  Hex/Tmut       0%         3d3       100%        5


Dungeon Overview and Level Annotations

Branches:
Dungeon (5/15)
 Temple: D:4-7

Altars:
Yredelemnul

Shops:
D:3 [:*

Annotations:
D:1 exclusion: downstairs
D:3 2 transporters, BritishOli's ghost, amateur DsDe


Message History

You see here a poisoned dart.
You see here a poisoned dart.
An ogre comes into view. It is wielding a +0 giant club.
The ogre shouts!
You hit the black bear.
The black bear is moderately wounded.
The black bear completely misses you.
The black bear claws you but does no damage.
You block the black bear's attack.
You slash the black bear!
The black bear is almost dead.
The black bear goes berserk!
The black bear bites you but does no damage.
The black bear claws you but does no damage.
The black bear closely misses you.
You hit the black bear.
The black bear is almost dead.
You block the black bear's attack.
The black bear claws you but does no damage. x2
The black bear bites you but does no damage.
The black bear claws you but does no damage.
The black bear claws you.
You slash the black bear!
You kill the black bear!
Your Axes skill increases to level 6!
You hit the ogre.
The ogre is lightly wounded.
The ogre hits you with a +0 giant club!
You barely miss the ogre.
The ogre is lightly wounded.
The ogre hits you with a +0 giant club!!
You see here a poisoned dart.
The ogre hits you with a +0 giant club. The ogre hits you with a +0 giant club!
* * * LOW HITPOINT WARNING * * *
There is a stone staircase leading down here.
There is a stone staircase leading up here.
It was a potion of cancellation.
You feel magically purged. The ogre hits you with a +0 giant club!
You die...

.....#.....#.........#
...........#.........#
.....................#
##.###.....########### #
##....## .#.# ..#
#.##......#####
....##.###.....>.......#
####...#..#..##.O...###..#
.............##.@(..##..##
..........##.##........#
.............##....#.####
.............##.........##
...........<.............##
.........##...............#
.....[.†.##...............#
.........###..............#
..............##.........##


You could see an ogre.

Vanquished Creatures
  A black bear (D:5)
  4 scorpions
  3 iguanas
  Terence (D:2)
  5 adders
  2 dart slugs
  3 orcs (D:4)
  6 ball pythons
  8 endoplasms
  4 giant cockroaches
  6 goblins
  4 hobgoblins
  8 jackals
  6 quokkas
  4 bats
  4 frilled lizards
  12 kobolds
  3 rats
84 creatures vanquished.

Notes
Turn   | Place    | Note
-------+----------+-------------------------------------------
     0 | D:1      | LordDeathwing the Hill Orc Fighter began the quest for the
                  | Orb.
     0 | D:1      | Reached XP level 1. HP: 19/19 MP: 1/1
   170 | D:1      | Reached skill level 3 in Axes
   170 | D:1      | Reached XP level 2. HP: 26/27 MP: 2/2
   272 | D:1      | Found a faded altar of an unknown god.
  1047 | D:2      | Noticed Terence
  1153 | D:2      | Reached XP level 3. HP: 33/33 MP: 3/3
  1258 | D:2      | Killed Terence
  1459 | D:2      | Reached XP level 4. HP: 23/40 MP: 4/4
  1664 | D:2      | Reached skill level 4 in Axes
  1781 | D:3      | Found a transporter.
  1782 | D:3      | Noticed BritishOli's ghost (amateur DsDe)
  1834 | D:3      | Found Gokiazi's Book Shoppe.
  1936 | D:3      | Found Taxef's Assorted Antiques.
  1993 | D:3      | Found a transporter.
  2351 | D:3      | Found Ysain's Armour Shoppe.
  2819 | D:4      | Noticed a scorpion
  2828 | D:4      | Killed a scorpion
  2829 | D:4      | Reached XP level 5. HP: 46/47 MP: 5/5
  2857 | D:4      | Reached skill level 5 in Axes
  3098 | D:4      | Reached XP level 6. HP: 49/53 MP: 6/6
  3224 | D:4      | Reached skill level 5 in Armour
  3379 | D:4      | Found a basalt altar of Yredelemnul.
  3733 | D:5      | Entered Level 5 of the Dungeon
  3825 | D:5      | Reached skill level 5 in Fighting
  3825 | D:5      | Reached XP level 7. HP: 61/61 MP: 7/7
  3833 | D:5      | Reached skill level 6 in Axes
  3856 | D:5      | Slain by an ogre

Illustrated notes

Levels and vault maps discovered:
D:1:      minmay_arrival_radiant_lines, layout_basic,
          ebering_ecumenical_altar_mist, due_unseen_surprise
D:2:      layout_basic, minivault_25, uniq_jessica, uniq_terence
D:3:      minmay_chambers_of_threes, layout_basic, serial_shops, shop, shop,
          nicolae_shop_statue_plus, gammafunk_ghost_stat_death
D:4:      layout_basic, lemuel_doored_altar
D:5:      layout_rooms, chequers_temple_overflow_statue_of_worship

Skill      XL: |  1  2  3  4  5  6  7 |
---------------+----------------------+-----
Axes           | 3 4 5 6 |  6.2
Fighting       | 4 5 |  5.1
Armour         | 4 5 |  5.7
Shields        | 4 |  4.6
Stealth        | |  0.2

Action                   |  1- 3 |  4- 6 |  7- 9 || total
-------------------------+-------+-------+-------++-------
Melee: War axe           |    90 |   148 |     6 ||   244
Throw: Dart              |     4 |    14 |       ||    18
  Use: Potion            |       |       |     1 ||     1
Armor: Scale mail        |    15 |       |       ||    15
       Plate armour      |    35 |    85 |     7 ||   127
Dodge: Dodged            |    25 |    22 |     2 ||    49
Block: Kite shield       |    45 |    72 |     2 ||   119

Table legend: (Time is in decaauts)
 A = Elapsed time spent in this place.
 B = Non-inter-level travel time spent in this place.
 C = Inter-level travel time spent in this place.
 D = Time resting spent in this place.
 E = Time spent auto-exploring this place.
 F = Levels seen in this place.
 G = Mean time per level.
                   A        B        C        D        E       F      G
               +--------+--------+--------+--------+--------+-----+--------+
         Total |   3987 |   3898 |     89 |    190 |   2783 |   5 |  797.4 |
       Dungeon |   3987 |   3898 |     89 |    190 |   2783 |   5 |  797.4 |
               +--------+--------+--------+--------+--------+-----+--------+

Top non-repeatable levels by time:
     D:1: 1147 daAuts
     D:3: 1075 daAuts
     D:4: 946 daAuts
     D:2: 682 daAuts
     D:5: 135 daAuts
